 Dungeon Crawl Stone Soup version 0.28-a0-1493-g08698888e4 (webtiles) character file.

Game seed: 13586335456453152395

1 lunkers the Sneak (level 1, -3/17 HPs)
             Began as a Vampire Delver on Jan 12, 2022.
             Slain by a bullfrog (7 damage)
             ... on level 4 of the Dungeon.
             The game lasted 00:01:01 (111 turns).

lunkers the Sneak (Vampire Delver)                   Turns: 111, Time: 00:01:02

Health: -3/17      AC:  3    Str: 11    XL:     1   Next: 16%
Magic:  1/1        EV: 12    Int: 12    God:
Gold:   0          SH:  0    Dex: 15    Spells: 0/0 levels left

rFire   . . .      SeeInvis +   a - +0 short sword
rCold   . . .      Faith    .   (no shield)
rNeg    . . .      Spirit   .   b - +0 leather armour
rPois   .          Reflect  .   (no helmet)
rElec   .          Harm     .   (no cloak)
rCorr   .          Rampage  .   (no gloves)
Will    .....                   (no boots)
Stlth   +++.......              (no amulet)
HPRegen 0.25/turn               (no ring)
MPRegen 0.07/turn               (no ring)

@: healing quickly
A: alive, fangs 3, see invisible, vampiric 1
a: Exsanguinate


You were on level 4 of the Dungeon.
You visited 1 branch of the dungeon, and saw 2 of its levels.

Inventory:

Hand Weapons
 a - a +0 short sword (weapon)
Armour
 b - a +0 leather armour (worn)
Wands
 g - a wand of digging (3)
Scrolls
 c - a scroll of fog
 d - a scroll of magic mapping
Potions
 f - a potion of haste


   Skills:
 - Level 2.6 Fighting
 + Level 2.2 Short Blades
 - Level 2.1 Dodging
 + Level 7.3 Stealth


You couldn't memorise any spells.
You didn't know any spells.
Your spell library was empty.

Dungeon Overview and Level Annotations

Branches:
Dungeon (5/15)
 Temple: D:4-7

Altars:


Innate Abilities, Weirdness & Mutations

Your natural rate of healing is accelerated.
You have razor-sharp teeth.
You have supernaturally acute eyesight. (SInv)
You are afflicted with vampirism.


Message History

Unknown command.
You hit the quokka.
You kill the quokka!
Unknown command.
Found a stone staircase leading up.
The ogre closely misses you.
Found a stone staircase leading up.
As you read the scroll of fear, it crumbles to dust.
You assume a fearsome visage.
The ogre looks frightened!
The ogre begs for mercy.
There is a stone staircase leading up here.
You climb upwards.
There is a stone staircase leading down here.
The bullfrog croaks.
There is a stone staircase leading down here.
You closely miss the bullfrog. The bullfrog barely misses you.
The bullfrog hits you.
You hit the bullfrog but do no damage. The bullfrog hits you.
You hit the bullfrog.
The bullfrog is lightly wounded.
The bullfrog hits you.
The bullfrog hits you but does no damage.
You hit the bullfrog.
The bullfrog is lightly wounded.
The bullfrog hits you.
* * * LOW HITPOINT WARNING * * *
Okay, then.
As you read the scroll labelled FUROBUGAPE, it crumbles to dust.
It is a scroll of identify.
You don't have any unidentified items.
The bullfrog misses you. The bullfrog hits you.
* * * LOW HITPOINT WARNING * * *
Okay, then.
You miss the bullfrog.
The bullfrog is lightly wounded.
The bullfrog hits you but does no damage.
You hit the bullfrog.
The bullfrog is heavily wounded.
The bullfrog misses you. The bullfrog hits you!
You die...

### ###
#.# ...
#.# #.#
#.## ##F#
##.###@.#
##.....#
##....#
##..##
####


You could see a bullfrog.

Vanquished Creatures
  A quokka (D:5)
1 creature vanquished.

Notes
Turn   | Place    | Note
-------+----------+-------------------------------------------
     0 | D:5      | lunkers the Vampire Delver began the quest for the Orb.
     0 | D:5      | Reached XP level 1. HP: 17/17 MP: 1/1
     6 | D:5      | Noticed a water moccasin zombie
    37 | D:5      | Noticed an ogre
    94 | D:4      | Noticed a bullfrog
   111 | D:4      | Slain by a bullfrog

Illustrated notes

Levels and vault maps discovered:
D:4:      layout_layer_cave, zin_scriptorium, minmay_temple_entry_grid
D:5:      cheibrodos_iron_armory, layout_loops_cross, uniq_grinder

Action                   || total
-------------------------++-------
Melee: Short sword       ||    16
  Use: Scroll            ||     2
Armor: Leather armour    ||     4
Dodge: Dodged            ||    10

Table legend: (Time is in decaauts)
 A = Elapsed time spent in this place.
 B = Non-inter-level travel time spent in this place.
 C = Inter-level travel time spent in this place.
 D = Time resting spent in this place.
 E = Time spent auto-exploring this place.
 F = Levels seen in this place.
 G = Mean time per level.
                   A        B        C        D        E       F      G
               +--------+--------+--------+--------+--------+-----+--------+
         Total |    110 |    110 |      0 |      0 |      8 |   2 |   55.0 |
       Dungeon |    110 |    110 |      0 |      0 |      8 |   2 |   55.0 |
               +--------+--------+--------+--------+--------+-----+--------+

Top non-repeatable levels by time:
     D:5: 94 daAuts
     D:4: 16 daAuts
